AoeStats
← SeemsFishy

Black Forest

508034623Analyzed
4v4 RM · 11d ago on Sep 20, 2026· 43m 10s· 8 players
Game mode
Random Map
Map size
Large (8 player)
Population
200
Speed
Normal
Resources
Standard
Victory
Conquest
Starting age
Dark Age
Ending age
Imperial Age
RankedLock teamsTeams togetherTeam positionsShared explorationLock speedFull tech treeHidden civsTurbo modeCheats
Victory
Defeat
🇮🇳 Bulgarians · India
1480
+18
🇦🇹 Lithuanians · Austria
1400
+21
🇫🇷 Mongols · France
1399
+21
🇬🇧 Magyars · United Kingdom
1383
+21
🇭🇺 Poles · Hungary
1531
-21
🇩🇪 Turks · Germany
1522
-21
🇺🇸 Burmese · United States
1512
-20
🇦🇲 Britons · Armenia
1466
-19
boo
10:58 Feudal Age
15:00 Castle Age
16:17 Horse Collar
19:25 Wheelbarrow
18:38 Loom
21:47 Heavy Plow
25:44 Gold Mining
27:59 Hand Cart
28:21 Husbandry
28:32 Bloodlines
29:21 Scale Barding Armor
33:38 Imperial Age
32:07 Chain Barding Armor
31:58 Forging
34:21 Howdah
34:58 Plate Barding Armor
34:59 Iron Casting
33:58 Elite Battle Elephant
karpfen1337
12:13 Feudal Age
16:30 Castle Age
14:52 Fishing Lines
17:11 Loom
19:19 Town Watch
20:43 Double-Bit Axe
21:24 Gillnets
21:56 Bow Saw
22:28 Horse Collar
23:52 Heavy Plow
26:12 Scale Barding Armor
26:18 Forging
28:05 Wheelbarrow
33:58 Imperial Age
33:54 Fletching
34:04 Padded Archer Armor
34:22 Husbandry
35:08 Bloodlines
35:24 Hand Cart
36:34 Bodkin Arrow
37:09 Leather Archer Armor
37:44 Conscription
37:33 Bracer
38:19 Sipahi
38:11 Thumb Ring
38:39 Ballistics
39:11 Heavy Cavalry Archer
43:06 Ring Archer Armor
ׅ
6:13 Loom
9:03 Feudal Age
9:53 Man-at-Arms
14:20 Fletching
15:42 Padded Archer Armor
24:23 Castle Age
24:11 Double-Bit Axe
25:43 Crossbowman
26:20 Bodkin Arrow
26:23 Town Watch
27:32 Bow Saw
28:52 Leather Archer Armor
Bl++d
0:41 Loom
10:25 Feudal Age
11:08 Double-Bit Axe
11:17 Man-at-Arms
21:21 Horse Collar
24:40 Castle Age
25:14 Fishing Lines
26:59 Gillnets
30:03 Scale Mail Armor
30:14 Forging
31:33 Squires
32:40 Chain Mail Armor
33:02 Iron Casting
32:17 Arson
40:01 Imperial Age
IBdaBossuDeNotreDame
6:10 Loom
9:12 Feudal Age
15:08 Fletching
15:29 Double-Bit Axe
17:46 Horse Collar
23:54 Forging
23:47 Padded Archer Armor
27:47 Wheelbarrow
35:30 Castle Age
36:28 Husbandry
37:42 Scale Barding Armor
39:57 Bloodlines
39:08 Light Cavalry
41:32 Bow Saw
SeemsFishy
3:54 Loom
11:01 Feudal Age
19:34 Castle Age
19:30 Scale Barding Armor
20:32 Double-Bit Axe
20:29 Horse Collar
22:48 Bow Saw
26:43 Heavy Plow
27:27 Fishing Lines
28:23 Gold Mining
30:09 Wheelbarrow
29:52 Stone Mining
33:03 Imperial Age
30:28 Fletching
31:27 Bodkin Arrow
31:32 Padded Archer Armor
32:23 Thumb Ring
32:48 Hand Cart
33:17 Leather Archer Armor
34:27 Gold Shaft Mining
34:00 Bracer
34:58 Ballistics
36:23 Chemistry
36:11 Parthian Tactics
36:39 Ring Archer Armor
36:41 Heavy Cavalry Archer
40:20 Recurve Bow
40:41 Conscription
41:02 Bloodlines
40:53 Husbandry
42:04 Siege Engineers
RyuZaKi
1:09 Loom
11:36 Feudal Age
22:11 Castle Age
21:49 Double-Bit Axe
21:44 Horse Collar
23:04 Bow Saw
24:08 Gold Mining
29:43 Heavy Plow
31:49 Wheelbarrow
34:37 Imperial Age
32:44 Scale Barding Armor
33:27 Hand Cart
33:41 Town Watch
34:18 Chain Barding Armor
34:09 Forging
33:55 Stirrups
35:01 Gold Shaft Mining
34:44 Onager
36:01 Plate Barding Armor
35:49 Conscription
37:25 Iron Casting
37:19 Siege Onager
37:35 Heavy Scorpion
37:38 Capped Ram
38:50 Siege Ram
40:05 Illumination
43:08 Chemistry
42:20 Siege Engineers
maxder
11:12 Feudal Age
14:53 Castle Age
12:59 Double-Bit Axe
13:04 Fishing Lines
15:48 Bow Saw
16:27 Loom
20:45 Horse Collar
24:37 Heavy Plow
25:49 Wheelbarrow
25:07 Gillnets
27:19 Gold Mining
27:20 Stone Mining
30:25 Imperial Age
28:43 Hand Cart
28:40 Forging
29:08 Scale Barding Armor
29:49 Stone Shaft Mining
30:23 Chain Barding Armor
30:38 Iron Casting
32:08 Plate Barding Armor
31:25 Fletching
31:19 Treadmill Crane
32:26 Conscription
32:34 Bodkin Arrow
33:06 Bloodlines
32:56 Husbandry
33:25 Bracer
33:47 Ballistics
34:28 Chemistry
34:18 Elite Leitis
36:44 Hoardings
36:22 Masonry
36:29 Caravan
37:45 Murder Holes
38:21 Architecture
39:47 Town Watch
41:04 Two-Man Saw
40:34 Crop Rotation
Connection lost

Rejoining the realm…

Still unreachable

The connection could not be restored.

Session expired

The server has moved on; the page needs a fresh start.